Map: Ulzaan

Players

OpuS - Winner!

  • Race: Protoss Protoss
  • Spawn Location: 1:00

Sketchaphone - Winner!

  • Race: Zerg Zerg
  • Spawn Location: 3:00

SkyGryphon

  • Race: Zerg Zerg
  • League: Platinum
  • Spawn Location: 9:00

Arcadia

  • Race: Protoss Protoss
  • Spawn Location: 11:00

VOD

Have the link to the VOD?

Description

Time

  • Played on: Jan. 22, 2019, 6:27 p.m.
  • Length: 13:45
Show
View Real Time Build Order
Export as new Build Order

OpuS Protoss - Winner!

Build Orders: Oracle Opening, Carriers 

Get SALT Encoding   

  12  0:01  Probe  
  13  0:13  Probe  
  14  0:19  Pylon  
  14  0:25  Probe  
  15  0:37  Probe  
  15  0:39  Gateway  
  16  0:49  Probe  
  17  0:51  Assimilator  
  17  0:58  Probe  
  18  1:07  Probe  
  19  1:16  Probe  
  20  1:29  Cybernetics Core  
  20  1:33  Pylon  
  20  1:38  Probe  
  21  1:53  Nexus  
  21  2:05  Assimilator  
  21  2:15  Probe, Stargate  
  22  2:27  Probe  
  23  2:39  Probe  
  24  2:51  Probe  
  25  3:01  Oracle  
  25  3:03  Warp Gate  
  28  3:07  Probe  
  28  3:08  Pylon  
  29  3:13  Probe  
  29  3:20  Probe  
  29  3:24  Assimilator  
  29  3:25  Probe  
  31  3:28  Oracle  
  31  3:30  Assimilator  
  31  3:33  Pylon  
  34  3:44  Forge  
  34  3:45  Probe  
  34  3:46  Probe  
  36  3:57  Probe  
  36  3:58  Probe  
  36  4:02  Stargate  
  39  4:10  Probe x2  
  39  4:15  Phoenix  
  42  4:22  Probe x2  
  44  4:34  Probe x2  
  46  4:40  Phoenix  
  48  4:46  Probe x2  
  48  4:49  Phoenix  
  52  4:58  Probe x2  
  54  5:05  Phoenix  
  56  5:08  Fleet Beacon  
  56  5:10  Probe x2  
  58  5:15  Photon Cannon  
  58  5:21  Phoenix  
  58  5:22  Probe  
  58  5:24  Probe  
  62  5:38  Pylon  
  62  5:40  Pylon  
  62  5:41  Pylon  
  62  5:49  Protoss Air Weapons Level 1  
  62  5:50  Carrier  
  62  5:53  Cybernetics Core  
  62  5:56  Probe x2  
  70  6:25  Carrier  
  70  6:31  Nexus  
  70  6:33  Pylon  
  70  6:35  Protoss Air Armor Level 1  
  70  6:36  Assimilator  
  76  6:40  Assimilator  
  76  6:43  Pylon  
  76  6:52  Probe  
  76  6:53  Probe  
  78  6:57  Carrier, Protoss Shields Level 1  
  84  7:08  Stargate  
  79  7:47  Carrier  
  82  7:56  Stargate  
  82  7:58  Probe  
  82  7:59  Probe x2  
  85  8:07  Carrier, Twilight Council  
  91  8:22  Probe x3  
  94  8:30  Carrier  
  94  8:33  Pylon  
  94  8:34  Pylon, Probe x2  
  94  8:35  Pylon  
  94  8:37  Pylon  
  94  8:40  Nexus  
  102  8:47  Protoss Air Weapons Level 2, Stargate  
  102  8:50  Pylon, Assimilator  
  102  8:52  Pylon  
  102  8:54  Assimilator  
  102  8:59  Charge  
  102  9:01  Carrier  
  108  9:25  Probe  
  108  9:26  Probe x2  
  108  9:29  Protoss Air Armor Level 2  
  111  9:33  Carrier  
  111  9:38  Probe x3  
  120  9:54  Carrier  
  126  10:09  Carrier  
  132  10:24  Carrier  
  126  10:37  Probe  
  126  10:38  Probe x3  
  126  10:42  Pylon  
  130  10:43  Carrier  
  130  10:44  Pylon  
  130  10:49  Probe  
  137  10:58  Carrier  
  143  11:04  Probe x3  
  143  11:05  Probe  
  147  11:16  Probe  
  148  11:20  Gateway  
  148  11:22  Gateway  
  148  11:23  Gateway  
  148  11:25  Gateway  
  148  11:27  Gateway  
  148  11:29  Gateway  
  148  11:30  Gateway  
  148  11:43  Carrier  
  154  11:51  Carrier  
  154  11:52  Robotics Facility  
  160  11:59  Pylon, Probe x4  
  160  12:01  Pylon  
  164  12:11  Carrier  
  164  12:13  Probe x2  
  164  12:14  Probe x2  
  174  12:26  Carrier  
  180  12:32  Carrier  
  186  13:05  Nexus  
  186  13:08  Assimilator  
  192  13:13  Assimilator  
  192  13:18  Stargate  
Show
View Real Time Build Order
Export as new Build Order

Sketchaphone Zerg - Winner!

Build Orders: Hatch First, Lurkers 

Get SALT Encoding   

  12  0:01  Drone  
  13  0:12  Overlord  
  13  0:19  Drone  
  14  0:32  Drone x2  
  14  0:34  Drone  
  17  0:58  Drone  
  17  1:00  Hatchery  
  17  1:03  Extractor  
  16  1:05  Drone  
  17  1:24  Spawning Pool  
  16  1:35  Drone  
  16  1:37  Drone  
  16  1:39  Drone  
  19  1:47  Drone  
  20  2:04  Drone  
  21  2:09  Overlord  
  21  2:11  Metabolic Boost, Queen  
  23  2:17  Zergling x2  
  24  2:26  Zergling x2  
  24  2:27  Drone  
  26  2:31  Drone  
  26  2:35  Drone  
  28  2:38  Queen  
  28  2:44  Drone  
  31  2:46  Drone  
  32  2:53  Drone  
  33  3:01  Drone  
  34  3:09  Drone x2  
  36  3:14  Hatchery  
  36  3:15  Overlord  
  35  3:28  Drone  
  35  3:33  Queen  
  35  3:34  Drone x3  
  39  3:41  Pneumatized Carapace, Drone x2  
  42  3:50  Drone  
  42  3:52  Drone  
  42  3:53  Overlord  
  44  4:01  Overlord  
  44  4:14  Zergling x14  
  51  4:19  Spine Crawler  
  50  4:25  Zergling x4  
  52  4:31  Drone  
  53  4:43  Zergling x4  
  53  4:44  Drone x2  
  57  4:52  Drone  
  58  4:53  Drone  
  58  4:54  Spine Crawler  
  58  5:00  Drone  
  58  5:02  Lair  
  58  5:04  Extractor  
  58  5:06  Extractor  
  57  5:07  Hatchery  
  57  5:08  Extractor  
  55  5:15  Drone  
  55  5:16  Drone x2  
  55  5:21  Drone x2  
  60  5:22  Spine Crawler, Overlord, Drone x2  
  63  5:28  Drone x3  
  63  5:29  Drone  
  63  5:30  Drone  
  66  5:41  Evolution Chamber  
  66  5:42  Evolution Chamber  
  64  5:43  Roach Warren  
  63  5:51  Queen  
  65  6:03  Overlord  
  65  6:05  Overlord, Drone  
  65  6:08  Zerg Ground Armor Level 1  
  65  6:10  Zerg Missile Weapons Level 1  
  62  6:35  Drone x3  
  65  6:44  Hydralisk Den  
  61  6:56  Drone x2  
  61  6:57  Drone  
  62  7:10  Queen  
  62  7:11  Queen  
  62  7:12  Overlord x3  
  62  7:14  Grooved Spines, Glial Reconstitution  
  66  7:19  Zergling x4  
  66  7:20  Infestation Pit, Zergling x2  
  68  7:27  Drone x2  
  68  7:28  Overlord  
  68  7:29  Roach, Hydralisk x2  
  74  7:36  Lurker Den, Drone x4  
  79  7:44  Drone  
  79  7:45  Drone  
  79  7:50  Overseer  
  81  7:54  Extractor  
  81  7:55  Extractor  
  79  8:05  Roach x4, Swarm Host x2  
  87  8:06  Hydralisk x2  
  87  8:07  Hydralisk x2  
  87  8:08  Roach x3  
  87  8:09  Roach x2  
  112  8:20  Zergling x8  
  112  8:26  Roach x4  
  123  8:31  Overlord x2  
  123  8:38  Overlord x2  
  123  8:39  Overlord  
  120  8:49  Hydralisk x3  
  120  8:51  Overlord x2  
  126  9:02  Zerg Missile Weapons Level 2  
  122  9:03  Zerg Ground Armor Level 2  
  122  9:09  Lurker x2  
  125  9:10  Lurker x2, Hydralisk  
  128  9:31  Zergling x32  
  144  9:43  Overlord x3  
  144  9:46  Hive  
  137  10:24  Overseer  
  137  10:27  Ravager  
  137  10:28  Zergling x26  
  139  10:29  Zergling x2  
  139  10:32  Drone  
  119  11:05  Roach  
  119  11:06  Roach x17  
  137  11:24  Zergling x14  
  143  11:30  Hydralisk  
  143  11:31  Roach x2  
  149  11:35  Spire  
  147  11:40  Muscular Augments  
  147  11:41  Hydralisk x4  
  147  11:42  Ultralisk Cavern  
  153  11:49  Overseer  
  153  11:50  Overseer  
  137  12:27  Zergling x28  
  143  12:30  Roach  
  143  12:32  Zergling x2  
  128  12:44  Ravager, Drone x2  
  109  12:56  Hydralisk x6  
  119  13:10  Hydralisk x3  
  119  13:12  Corruptor x7  
  139  13:19  Lurker  
  140  13:21  Lurker  
  140  13:26  Drone  
  140  13:27  Drone  
  143  13:28  Extractor  
  143  13:30  Drone x3  
  143  13:31  Drone, Extractor  
Show
View Real Time Build Order
Export as new Build Order

SkyGryphon Zerg 

Build Orders: Hatch First, Lurkers 

Get SALT Encoding   

  12  0:01  Drone  
  13  0:12  Overlord  
  13  0:18  Drone  
  14  0:31  Drone x2  
  14  0:34  Drone  
  17  0:55  Hatchery  
  16  0:58  Drone  
  17  1:11  Spawning Pool  
  17  1:14  Drone  
  17  1:20  Drone  
  17  1:21  Drone  
  17  1:24  Extractor  
  18  1:39  Drone  
  19  1:40  Overlord  
  19  1:50  Drone  
  20  2:00  Drone  
  21  2:06  Drone  
  22  2:09  Queen  
  22  2:10  Queen  
  22  2:11  Drone  
  27  2:17  Drone  
  28  2:23  Drone  
  28  2:28  Drone  
  30  2:36  Drone  
  31  2:38  Drone  
  31  2:43  Overlord  
  32  2:50  Drone  
  33  2:56  Metabolic Boost, Zergling x2  
  34  3:00  Drone  
  34  3:01  Hatchery  
  34  3:08  Drone  
  35  3:16  Drone  
  35  3:19  Lair, Zergling x2  
  38  3:20  Zergling x4  
  38  3:21  Zergling x2  
  38  3:23  Drone x2  
  38  3:25  Drone  
  38  3:26  Drone  
  44  3:30  Overlord  
  44  3:37  Overlord  
  44  3:56  Drone x2  
  44  3:57  Drone x4  
  44  4:01  Drone  
  51  4:05  Extractor  
  51  4:08  Evolution Chamber  
  51  4:09  Drone  
  51  4:10  Evolution Chamber, Drone x2  
  51  4:11  Extractor  
  51  4:12  Drone x2  
  51  4:13  Extractor  
  51  4:22  Drone x2  
  51  4:23  Drone  
  54  4:32  Overlord, Drone x3  
  54  4:34  Drone x2  
  55  4:43  Zergling x2  
  55  4:44  Zergling x6  
  57  4:46  Zerg Missile Weapons Level 1, Zerg Ground Armor Level 1  
  57  4:52  Spore Crawler  
  56  4:55  Spore Crawler  
  56  4:56  Queen  
  57  5:01  Queen  
  57  5:04  Zergling x4  
  61  5:14  Pneumatized Carapace  
  61  5:20  Overlord, Drone  
  62  5:23  Drone  
  62  5:24  Drone x9  
  72  5:32  Hydralisk Den  
  72  5:34  Drone  
  72  5:35  Baneling Nest  
  71  5:36  Drone x2  
  73  5:58  Overlord  
  73  5:59  Overlord  
  73  6:01  Drone x2, Extractor  
  73  6:02  Extractor  
  73  6:03  Zergling x4  
  75  6:08  Grooved Spines, Hydralisk x3  
  75  6:11  Overlord x2  
  81  6:14  Hatchery  
  71  6:32  Spore Crawler  
  68  6:33  Drone x7  
  74  7:00  Drone x6  
  80  7:06  Zerg Missile Weapons Level 2  
  80  7:07  Hydralisk x3  
  86  7:08  Queen  
  86  7:13  Drone x2  
  86  7:15  Lurker Den  
  89  7:19  Baneling  
  89  7:20  Baneling x5  
  89  7:27  Queen  
  91  7:32  Burrow  
  91  7:36  Spore Crawler  
  87  7:52  Spore Crawler, Hydralisk  
  87  7:53  Hydralisk x9  
  87  7:56  Muscular Augments, Hydralisk x3  
  112  8:02  Drone  
  112  8:04  Queen  
  112  8:05  Drone x3  
  118  8:09  Hydralisk  
  118  8:11  Overlord  
  120  8:14  Zerg Ground Armor Level 2  
  113  8:52  Hydralisk  
  113  8:53  Lurker  
  113  8:54  Lurker x8  
  113  8:55  Hydralisk  
  126  9:09  Drone  
  127  9:10  Overlord x3  
  127  9:11  Overlord x4  
  127  9:30  Hydralisk x5  
  137  9:31  Hydralisk x3  
  137  9:36  Spine Crawler  
  137  9:37  Spine Crawler, Zerg Melee Weapons Level 1  
  137  9:38  Infestation Pit, Extractor  
  139  9:39  Overlord, Extractor  
  139  9:40  Drone  
  139  9:42  Drone x3  
  139  9:43  Drone x4  
  146  9:47  Spore Crawler  
  145  9:59  Hydralisk x3  
  149  10:02  Overseer x5  
  113  10:32  Hydralisk  
  113  10:33  Hydralisk x11  
  133  10:52  Hydralisk  
  133  10:53  Hydralisk x5  
  133  10:54  Hydralisk  
  143  10:57  Hydralisk  
  143  11:02  Hydralisk  
  129  11:27  Hydralisk  
  129  11:28  Hydralisk x10  
  135  11:42  Hydralisk  
  135  11:43  Hydralisk x6  
  135  11:45  Hydralisk  
  142  12:11  Hydralisk x5  
  152  12:16  Hive  
  152  12:18  Overlord x2  
  152  12:19  Overlord x2  
  98  12:37  Hydralisk x2  
  98  12:38  Hydralisk x10  
  116  12:47  Hydralisk  
  116  12:48  Hydralisk x3  
Show
View Real Time Build Order
Export as new Build Order

Arcadia Protoss 

Build Orders:  

Get SALT Encoding   

  12  0:01  Probe  
  13  0:15  Pylon  
  13  0:18  Probe  
  14  0:30  Probe  
  15  0:38  Gateway  
  15  0:43  Probe  
  15  0:49  Assimilator  
  16  0:55  Probe  
  17  1:07  Probe  
  18  1:31  Cybernetics Core  
  18  1:33  Zealot  
  18  1:35  Probe  
  21  1:40  Pylon  
  21  1:54  Probe  
  22  2:01  Warp Gate  
  22  2:13  Assimilator  
  22  2:20  Probe  
  23  2:31  Nexus  
  23  2:32  Probe  
  23  2:34  Pylon  
  24  2:45  Stalker  
  26  2:52  Gateway  
  26  2:54  Forge  
  26  2:59  Probe  
  27  3:11  Probe  
  28  3:20  Pylon  
  28  3:23  Probe  
  29  3:33  Pylon  
  29  3:35  Probe  
  30  3:41  Probe  
  30  3:42  Robotics Facility  
  31  3:49  Probe  
  31  3:54  Stalker  
  34  4:16  Photon Cannon  
  34  4:19  Probe  
  34  4:21  Photon Cannon  
  35  4:27  Probe  
  31  4:36  Stalker  
  31  4:37  Probe  
  35  4:47  Probe  
  35  4:51  Protoss Shields Level 1  
  36  4:55  Photon Cannon, Probe  
  37  5:01  Observer  
  37  5:03  Probe  
  39  5:16  Probe  
  39  5:20  Assimilator  
  40  5:26  Probe  
  41  5:33  Assimilator  
  41  5:34  Probe  
  41  5:42  Probe  
  42  5:49  Gateway  
  43  5:51  Twilight Council, Probe  
  43  5:52  Probe  
  45  6:00  Probe  
  46  6:08  Stalker x2, Probe  
  50  6:13  Blink  
  50  6:20  Probe  
  50  6:21  Pylon  
  52  6:32  Probe  
  46  6:59  Probe  
  46  7:00  Probe  
  47  7:04  Protoss Shields Level 2  
  47  7:07  Probe  
  48  7:09  Stalker x3  
  48  7:13  Probe  
  56  7:17  Probe  
  57  7:24  Photon Cannon  
  57  7:32  Robotics Bay  
  57  7:47  Stalker  
  57  7:48  Stalker x2  
  63  7:53  Probe  
  64  8:04  Immortal  
  68  8:06  Probe  
  69  8:15  Gateway  
  69  8:18  Probe  
  70  8:24  Stalker x3  
  76  8:30  Nexus  
  76  8:31  Pylon, Extended Thermal Lance  
  76  8:39  Pylon  
  76  8:59  Zealot x2  
  76  9:01  Colossus  
  86  9:13  Protoss Shields Level 3  
  86  9:24  Stalker, Zealot x2  
  92  9:39  Probe  
  92  9:43  Pylon  
  92  9:47  Pylon, Probe  
  93  9:53  Probe  
  93  9:55  Pylon  
  93  9:56  Probe  
  93  9:58  Stalker x2  
  93  9:59  Stalker  
  95  10:09  Probe  
  92  10:20  Observer  
  92  10:21  Probe  
  64  10:51  Stalker x4  
  64  10:59  Pylon  
  64  11:00  Probe  
  64  11:03  Gateway  
  65  11:04  Gateway  
  65  11:13  Probe  
  66  11:24  Protoss Ground Weapons Level 1  
  66  11:25  Probe  
  67  11:34  Stalker x3  
  67  11:35  Stalker  
  75  11:47  Gateway  
  75  11:49  Gateway  
  75  11:53  Pylon  
  75  11:57  Pylon  
  75  12:00  Stalker x2  
  75  12:01  Stalker x3  
  85  12:14  Stalker  
  73  12:26  Stalker x2  
  73  12:27  Stalker x3  
  73  12:29  Probe  
  74  12:33  Colossus  
  76  12:39  Zealot  
  76  12:41  Probe  
  74  12:46  Dark Shrine  
  74  12:49  Stalker x3, Pylon  
  80  12:58  Probe  
  80  13:02  Photon Cannon  
  80  13:04  Photon Cannon  
  81  13:06  Stalker, Probe  
  84  13:16  Probe  
  66  13:21  Stalker x4  
  63  13:28  Probe  
Tags
 
Add a new tag
Caveats
  • Supply blocks, unpowered buildings, or Contaminate may cause inaccurate times.
  • Supply counts are checked every 10 seconds.